Description

Stargate build opener into macro game with fenix and colossus

Replay - Neeb v uThermal: Game 4 - Apotheosis LE

Build Order

Get SALT Encoding   

  12  0:00  Probe (Chrono Boost)  
  13  0:11  Probe (Chrono Boost)  
  14  0:18  Pylon  
  14  0:21  Probe (Chrono Boost)  
  15  0:36  Probe (Chrono Boost), Gateway  
  16  0:47  Probe (Chrono Boost)  
  16  0:48  Assimilator  
  17  0:57  Probe (Chrono Boost)  
  18  1:08  Probe (Chrono Boost)  
  19  1:20  Nexus  
  19  1:23  Probe (Chrono Boost)  
  20  1:34  Probe (Chrono Boost)  
  20  1:37  Cybernetics Core  
  21  1:44  Assimilator  
  21  1:45  Probe (Chrono Boost)  
  22  1:51  Pylon  
  22  1:55  Probe (Chrono Boost)  
  23  2:09  Adept  
  23  2:10  Probe (Chrono Boost)  
  23  2:13  Warp Gate  
  26  2:22  Probe (Chrono Boost)  
  27  2:32  Probe (Chrono Boost)  
  27  2:33  Adept  
  27  2:34  Stargate, Probe (Chrono Boost)  
  29  2:43  Probe (Chrono Boost)  
  32  2:46  Probe (Chrono Boost)  
  33  2:53  Probe (Chrono Boost)  
  35  2:59  Probe (Chrono Boost), Adept  
  35  3:04  Probe (Chrono Boost)  
  38  3:09  Probe (Chrono Boost)  
  39  3:13  Oracle  
  39  3:15  Probe (Chrono Boost), Pylon  
  39  3:19  Pylon  
  44  3:20  Probe (Chrono Boost)  
  45  3:27  Probe (Chrono Boost)  
  45  3:30  Probe (Chrono Boost)  
  46  3:39  Nexus, Probe (Chrono Boost)  
  47  3:41  Probe (Chrono Boost)  
  47  3:44  Oracle  
  48  3:52  Probe x2 (Chrono Boost)  
  53  4:00  Pylon  
  55  4:03  Probe (Chrono Boost)  
  55  4:04  Probe (Chrono Boost)  
  55  4:13  Probe (Chrono Boost)  
  55  4:15  Gateway  
  55  4:16  Probe (Chrono Boost)  
  57  4:17  Gateway  
  57  4:20  Assimilator  
  57  4:24  Assimilator, Phoenix, Probe (Chrono Boost)  
  58  4:28  Probe (Chrono Boost)  
  61  4:34  Probe (Chrono Boost)  
  62  4:40  Probe (Chrono Boost)  
  62  4:41  Adept  
  62  4:45  Mothership Core (Chrono Boost), Phoenix  
  67  4:50  Pylon  
  67  4:52  Probe (Chrono Boost)  
  70  4:55  Probe (Chrono Boost)  
  71  5:01  Pylon  
  71  5:03  Probe (Chrono Boost)  
  71  5:04  Probe (Chrono Boost)  
  71  5:05  Probe (Chrono Boost)  
  74  5:07  Phoenix  
  74  5:12  Twilight Council, Forge  
  77  5:14  Probe (Chrono Boost)  
  77  5:16  Probe x2 (Chrono Boost)  
  79  5:24  Probe (Chrono Boost)  
  79  5:26  Probe (Chrono Boost)  
  82  5:28  Probe (Chrono Boost)  
  82  5:29  Phoenix, Pylon  
  82  5:31  Sentry, Protoss Ground Weapons Level 1  
  82  5:35  Probe (Chrono Boost)  
  87  5:37  Probe (Chrono Boost), Resonating Glaives  
  87  5:38  Pylon  
  88  5:43  Pylon  
  88  5:45  Gateway  
  88  5:48  Gateway x2  
  88  5:51  Pylon  
  88  5:56  Phoenix  
  90  6:10  Adept x3  
  93  6:14  Robotics Facility  
  93  6:21  Phoenix  
  93  6:23  Probe (Chrono Boost)  
  93  6:25  Probe x2 (Chrono Boost)  
  98  6:31  Nexus, Gateway  
  98  6:33  Gateway  
  98  6:34  Probe (Chrono Boost), Pylon  
  98  6:37  Probe x2 (Chrono Boost)  
  101  6:44  Probe (Chrono Boost), Adept x2  
  101  6:46  Phoenix  
  108  6:48  Pylon  
  108  6:53  Gateway  
  108  6:55  Gateway  
  108  6:57  Warp Prism  
  107  7:08  Adept x2  
  107  7:09  Adept x4  
  107  7:11  Phoenix  
  107  7:14  Protoss Air Weapons Level 1  
  121  7:17  Pylon  
  121  7:25  Photon Cannon  
  121  7:29  Adept x2  
  125  7:30  Adept x2  
  125  7:31  Observer, Protoss Ground Armor Level 1  
  125  7:36  Phoenix  
  132  7:37  Adept x3  
  138  7:49  Forge  
  138  7:55  Adept x5  
  138  7:58  Adept x2  
  152  8:18  Adept  
  152  8:19  Adept  
  152  8:20  Adept x4  
  152  8:21  Adept  
  152  8:22  Adept x2  
  150  8:29  Pylon  
  150  8:30  Pylon, Warp Prism  
  140  8:36  Adept x3  
  140  8:37  Adept  
  140  8:54  Adept  
  140  8:55  Adept x5  
  140  8:57  Stalker  
  140  8:58  Stalker  
  140  9:16  Protoss Ground Armor Level 2  
  134  9:18  Phoenix  
  136  9:30  Probe (Chrono Boost), Adept x6  
  136  9:31  Adept x3  
  147  9:33  Probe x2 (Chrono Boost)  
  147  9:36  Probe (Chrono Boost)  
  140  9:41  Assimilator x2, Warp Prism  
  140  9:42  Protoss Ground Weapons Level 2, Probe (Chrono Boost)  
  132  9:45  Probe (Chrono Boost)  
  132  9:49  Gateway x2  
  132  9:52  Gateway  
  134  9:55  Gateway  
  132  10:04  Blink  
  122  10:07  Adept x3  
  122  10:08  Adept x7  
  122  10:11  Assimilator  
  122  10:12  Assimilator  
  138  10:21  Nexus, Observer  
  138  10:24  Nexus  
  141  10:29  Probe x2 (Chrono Boost)  
  141  10:36  Robotics Facility  
  141  10:40  Robotics Bay  
  141  10:48  Adept  
  141  10:49  Adept x6  
  153  10:50  Adept x2  
  153  10:54  Pylon  
  157  10:57  Photon Cannon  
  157  11:02  Stalker x3  
  157  11:03  Stalker  
  164  11:08  Observer  
  155  11:22  Colossus, Protoss Ground Armor Level 3  
  131  11:29  Colossus  
  146  11:32  Pylon  
  146  11:33  Probe (Chrono Boost)  
  146  11:34  Probe x2 (Chrono Boost)  
  146  11:36  Probe x2 (Chrono Boost)  
  148  11:42  Pylon  
  148  11:46  Probe (Chrono Boost)  
  149  11:47  Adept x3  
  149  11:51  Pylon  
  149  11:54  Photon Cannon  
  155  12:00  Adept x7  
  155  12:01  Adept x4  
  177  12:14  Colossus  
  177  12:15  Assimilator  
  177  12:17  Adept x3  
  177  12:19  Assimilator  
  189  12:23  Colossus  
  189  12:26  Adept x2  
  195  12:30  Pylon  
  181  12:47  Adept  
  181  12:48  Adept x8  
  181  12:49  Adept  
  195  13:00  Colossus  
  195  13:04  Pylon  
  191  13:09  Photon Cannon  
  173  13:14  Adept x4  
  173  13:16  Stalker  
  173  13:17  Stalker x6, Photon Cannon  
  181  13:43  Stalker x3  
  181  13:44  Stalker x5  
  181  13:47  Nexus  
Spawning Tool Build Advisor. Get it on Overwolf

Analysis

This is an economical alternative, but the build is safer placing 2 gates before the third Nexus

Go to:

Details

  • Created by: Zeruell
  • Published on: Sep 14, 2016
  • Modified on: Sep 15, 2016
  • Patch: Pre-3.8.0
Show
View Real Time Build Order
Export as new Build Order

Comments (0)

There are no comments. Be the first!

Create an account to comment!